 Dungeon Crawl Stone Soup version 0.28.0-43-g3370ac3207 (webtiles) character file.

Game seed: 13285107838608572535

2458 Peloso the Carver (level 9, -5/78 HPs)
             Began as a Minotaur Fighter on Mar 23, 2022.
             Killed from afar by an acid dragon (18 damage)
             ... with a splash of acid
             ... on level 6 of the Dungeon.
             The game lasted 00:08:46 (6007 turns).

Peloso the Carver (Minotaur Fighter)                Turns: 6007, Time: 00:08:47

Health: -5/78      AC: 10    Str: 23    XL:     9   Next: 26%
Magic:  8/8        EV:  6    Int:  5    God:
Gold:   109        SH: 15    Dex: 12    Spells: 8/8 levels left

rFire   + . .      SeeInvis .   a - +0 long sword
rCold   . . .      Faith    .   z - +1 tower shield {reflect}
rNeg    + . .      Spirit   .   s - +0 chain mail
rPois   .          Reflect  +   (helmet restricted)
rElec   .          Harm     .   q - +1 cloak
rCorr   .          Rampage  .   y - +0 pair of gloves
Will    .....                   (no boots)
Stlth   ..........              f - amulet of regeneration
HPRegen 0.23/turn               D - ring of positive energy
MPRegen 0.11/turn               E - ring of protection from fire

@: corroded
A: horns 2, retaliatory headbutt
a: no special abilities


You were on level 6 of the Dungeon.
You visited 1 branch of the dungeon, and saw 6 of its levels.

You collected 257 gold pieces.
You spent 148 gold pieces at shops.

Inventory:

Hand Weapons
 a - a +0 long sword (weapon)
Armour
 b - a +1 scale mail of willpower
 c - a +0 buckler
 q - a +1 cloak (worn)
 s - a +0 chain mail (worn)
 y - a +0 pair of gloves (worn)
 z - a +1 tower shield of reflection (worn)
Jewellery
 f - an amulet of regeneration (around neck)
 C - an amulet of guardian spirit
 D - a ring of positive energy (left hand)
 E - a ring of protection from fire (right hand)
 H - a ring of see invisible
Wands
 n - a wand of flame (20)
 r - a wand of paralysis (10)
 G - a wand of iceblast (7)
Scrolls
 e - 2 scrolls of fear
 h - 2 scrolls of identify
 k - 4 scrolls of teleportation
 l - 2 scrolls of fog {unknown}
 o - a scroll of enchant weapon {unknown}
 p - a scroll of summoning {unknown}
 t - 2 scrolls of silence {unknown}
 v - a scroll of magic mapping {unknown}
 x - a scroll of blinking {unknown}
 A - a scroll of vulnerability {unknown}
 B - a scroll of brand weapon {unknown}
Potions
 d - a potion of might
 g - 2 potions of magic
 i - a potion of mutation
 j - 2 potions of degeneration {unknown}
 m - a potion of curing
 u - a potion of haste {unknown}
 w - 2 potions of flight {unknown}
 F - 3 potions of attraction {unknown}


   Skills:
 + Level 6.8 Fighting
 + Level 9.4 Long Blades
 + Level 8.1 Armour
 + Level 2.5 Dodging
 + Level 1.0 Stealth
 + Level 7.5 Shields


You had 8 spell levels left.
You didn't know any spells.
Your spell library contained the following spells:

 Spells                   Type           Power      Damage    Failure   Level
 Apportation              Tloc           0%         N/A       100%        1
 Ignite Poison            Fire/Tmut/Pois 0%         N/A       100%        3
 Mephitic Cloud           Conj/Pois/Air  0%         N/A       100%        3
 Alistair's Intoxication  Tmut/Pois      0%         N/A       100%        5
 Freezing Cloud           Conj/Ice/Air   0%         6-21      100%        5


Dungeon Overview and Level Annotations

Branches:
Dungeon (6/15)
 Temple: D:4-7

Altars:

Shops:
D:4 [   D:5 =


Innate Abilities, Weirdness & Mutations

You have a pair of horns on your head.
You reflexively headbutt those who attack you in melee.


Message History

The orc zaps a wand.
You suddenly lose the ability to move!
An ufetubus comes into view.
The ufetubus shouts!
The orc hits you but does no damage.
You can move again.
You barely miss the orc. Your headbutt misses the orc.
The orc zaps a wand.
You easily resist.
You closely miss the orc. You headbutt the orc.
You kill the orc!
The ufetubus hits you but does no damage.
The ufetubus barely misses you.
You slash the ufetubus!
You kill the ufetubus!
Found a smoky blue potion.
r - a wand of paralysis (10) (gained 3 charges)
H - a ring of see invisible;
h - 2 scrolls of identify (gained 1)
You now have 109 gold pieces (gained 41).
Things that are here:
a +0 club; a +0 scale mail; an orc corpse An acid dragon comes into view.
An acid dragon is nearby!
The acid dragon roars!
The acid dragon spits acid at you. The splash of acid hits you!
The acid corrodes you!
Found a glowing short sword.
A hound comes into view.
Found 16 arrows.
You hit the acid dragon.
The acid dragon is lightly wounded.
The acid dragon spits acid at you. The splash of acid hits you!!
* * * LOW HITPOINT WARNING * * *
You slash the acid dragon! You headbutt the acid dragon.
The acid dragon is heavily wounded.
The acid dragon bites you.
* * * LOW HITPOINT WARNING * * *
The acid dragon claws you but does no damage.
The acid dragon spits acid at you. The splash of acid hits you!!
You die...

............รท.....# #..
.#.#...#...#...#...# #..
....#...#...#...#..# #..
#..?#...#...#..[#.# #..
#..#...#..)#...#..# #..
#.#...#...#...#...#####..
#........................
#...#...#...#...#........
#...#@D.#...#.........
#!..#..h#...#...#####..
#..#...#...#...#..# #..
#...#...#...#...#. #..
#..... .......... #..
......#.# ..###.# #..
...... ( ).# # ......#.
#.#


You could see an acid dragon (catching breath) and a hound.

Vanquished Creatures
  A manticore (D:6)
  Sigmund (D:3)
  Duvessa (D:5)
  A hornet zombie (D:6)
  A sky beast (D:6)
  A black bear (D:6)
  A necrophage (D:6)
  3 ogres
  3 centaurs
  A kobold brigand (D:4)
  Blork the orc (D:5)
  3 scorpions
  Dowan (D:5)
  A centaur zombie (D:6)
  A jelly (D:6)
  3 bullfrog skeletons
  2 hounds
  A centaur skeleton (D:3)
  Ijyb (D:3)
  5 iguanas
  A killer bee zombie (D:3)
  A hound skeleton (D:5)
  A howler monkey zombie (D:6)
  A howler monkey skeleton (D:6)
  8 adders
  An ufetubus (D:6)
  An adder skeleton (D:4)
  4 worms
  3 dart slugs
  5 orcs
  8 ball pythons
  5 endoplasms
  3 giant cockroaches
  A goblin (D:1)
  5 hobgoblins
  6 kobolds
  3 quokkas
  5 bats
  3 frilled lizards
  4 rats
102 creatures vanquished.

Vanquished Creatures (others)
  16 plants (D:4)
16 creatures vanquished.

Grand Total: 118 creatures vanquished

Notes
Turn   | Place    | Note
-------+----------+-------------------------------------------
     0 | D:1      | Peloso the Minotaur Fighter began the quest for the Orb.
     0 | D:1      | Reached XP level 1. HP: 19/19 MP: 0/0
   120 | D:1      | Found a faded altar of an unknown god.
   274 | D:1      | Reached XP level 2. HP: 26/27 MP: 1/1
  1064 | D:2      | Reached XP level 3. HP: 30/33 MP: 2/2
  1100 | D:2      | You fall into a shaft and drop 2 floors!
  1100 | D:4      | Noticed an ogre
  1114 | D:3      | Reached skill level 3 in Long Blades
  1212 | D:3      | Noticed Sigmund
  1221 | D:3      | Killed Sigmund
  1222 | D:3      | Reached skill level 4 in Long Blades
  1222 | D:3      | Reached skill level 1 in Dodging
  1222 | D:3      | Reached XP level 4. HP: 12/41 MP: 3/3
  1222 | D:3      | Reached XP level 5. HP: 14/47 MP: 4/4
  1643 | D:3      | Reached skill level 5 in Long Blades
  1886 | D:3      | Reached skill level 5 in Armour
  2012 | D:3      | Reached XP level 6. HP: 55/55 MP: 5/5
  2049 | D:3      | Noticed Ijyb
  2068 | D:3      | Paralysed by Ijyb for 6 turns
  2077 | D:3      | Paralysed by Ijyb for 5 turns
  2084 | D:3      | Killed Ijyb
  3278 | D:4      | Reached skill level 5 in Fighting
  3544 | D:4      | Reached skill level 6 in Long Blades
  3544 | D:4      | Reached XP level 7. HP: 47/61 MP: 6/6
  3910 | D:4      | Found Tagak's Armour Boutique.
  3918 | D:4      | Bought a +1 tower shield of reflection for 148 gold pieces
  4195 | D:5      | Entered Level 5 of the Dungeon
  4384 | D:5      | Found Jugad's Jewellery Shop.
  4557 | D:5      | Reached skill level 5 in Shields
  4595 | D:5      | Noticed Blork the orc
  4604 | D:5      | Killed Blork the orc
  4605 | D:5      | Reached skill level 7 in Long Blades
  4676 | D:5      | Noticed Duvessa
  4677 | D:5      | Noticed Dowan
  4682 | D:5      | Reached skill level 1 in Stealth
  4682 | D:5      | Reached XP level 8. HP: 48/70 MP: 4/7
  4692 | D:5      | Killed Dowan
  4712 | D:5      | Killed Duvessa
  5483 | D:6      | Reached skill level 8 in Long Blades
  5727 | D:6      | Noticed a manticore
  5752 | D:6      | Killed a manticore
  5753 | D:6      | Reached skill level 9 in Long Blades
  5753 | D:6      | Reached XP level 9. HP: 17/78 MP: 2/8
  5969 | D:6      | Paralysed by an orc for 6 turns
  6007 | D:6      | Killed from afar by an acid dragon

Illustrated notes

Levels and vault maps discovered:
D:1:      dpeg_arrival_central, layout_basic,
          shapermc_ecumenical_altar_totnotflames, eino_curves_02
D:2:      layout_basic, ebering_dispersal_statue_hall, item_on_display_a
D:3:      layout_basic, uniq_sigmund, uniq_ijyb
D:4:      layout_cave_pools, serial_bayou, serial_bayou_pond_e,
          serial_bayou_lake_a, serial_bayou_lagoon_b, serial_bayou_pond_b,
          serial_shops, nicolae_shop_trees, grunt_decor_fettered
D:5:      layout_loops_ring, serial_shops, nicolae_lakefront_shop,
          uniq_blork_the_orc, uniq_duvessa
D:6:      cheibrodos_fzero, layout_loops_cross, temple_hall_moat,
          chequers_serial_rivers_large_b

Skill      XL: |  1  2  3  4  5  6  7  8 |
---------------+-------------------------+-----
Armour         | 4 5 6 8 |  8.1
Fighting       | 4 5 6 |  6.8
Long Blades    | 4 5 6 7 9 |  9.4
Shields        | 4 5 7 |  7.5
Dodging        | 1 2 |  2.5
Stealth        | 1 |  1.0

Action                   |  1- 3 |  4- 6 |  7- 9 || total
-------------------------+-------+-------+-------++-------
Melee: Long sword        |    71 |   101 |   206 ||   378
       Headbutt          |     8 |    22 |    56 ||    86
  Use: Scroll            |       |       |     5 ||     5
       Potion            |       |       |     3 ||     3
Armor: Scale mail        |    31 |    32 |       ||    63
       Chain mail        |       |    24 |   127 ||   151
Dodge: Dodged            |    34 |    43 |    48 ||   125
Block: Buckler           |    18 |    28 |     3 ||    49
       Tower shield      |       |       |   176 ||   176
       Reflection        |       |       |     5 ||     5
